Map: Dusk Towers

Players

Zanster - Winner!

  • Race: Zerg Zerg

Happy

  • Race: Terran Terran
  • League: Diamond

Event: DreamHack ROCCAT LotV Championship

VOD

Have the link to the VOD?

Description

Time

  • Played on: Nov. 26, 2015, 3:19 p.m.
  • Length: 20:43

All games in this series

Show
View Real Time Build Order
Export as new Build Order

Zanster Zerg - Winner!

Build Orders: Hatch First 

Get SALT Encoding   

  12  0:00  Drone  
  13  0:12  Overlord  
  13  0:17  Drone  
  14  0:31  Drone x2  
  14  0:35  Drone  
  17  0:52  Hatchery  
  17  0:55  Drone  
  17  0:57  Drone  
  18  1:07  Extractor  
  17  1:13  Spawning Pool  
  17  1:15  Drone  
  17  1:20  Drone  
  18  1:29  Drone  
  19  1:40  Overlord  
  19  1:59  Queen  
  19  2:00  Zergling x2  
  19  2:01  Zergling x2  
  23  2:04  Zergling x2, Queen  
  26  2:09  Metabolic Boost  
  26  2:11  Drone  
  26  2:15  Drone  
  28  2:22  Drone  
  29  2:29  Drone  
  30  2:35  Drone, Queen  
  33  2:44  Overlord  
  33  2:45  Drone  
  33  2:51  Drone  
  33  2:54  Drone  
  35  3:04  Drone, Queen  
  38  3:08  Drone x5  
  43  3:14  Overlord  
  43  3:33  Overlord  
  43  3:34  Drone x4  
  43  3:36  Hatchery  
  43  3:38  Roach Warren  
  43  3:39  Drone  
  46  3:42  Drone  
  46  3:45  Drone  
  46  3:46  Drone x2  
  46  3:48  Drone  
  51  3:50  Drone  
  51  3:52  Extractor  
  51  3:53  Extractor  
  51  3:54  Drone  
  51  4:00  Drone, Overlord  
  51  4:02  Drone  
  53  4:10  Drone  
  53  4:14  Overlord  
  53  4:15  Drone  
  53  4:16  Drone x4  
  59  4:18  Lair  
  59  4:25  Roach x2  
  59  4:30  Roach  
  65  4:34  Overlord  
  65  4:35  Evolution Chamber  
  65  4:36  Evolution Chamber  
  63  4:39  Drone  
  63  4:44  Roach  
  63  4:45  Roach x2  
  70  4:46  Overlord  
  70  4:50  Queen  
  70  4:54  Drone  
  70  4:55  Drone x2  
  69  5:01  Roach, Zergling x6  
  69  5:03  Drone  
  73  5:10  Drone  
  73  5:11  Drone  
  73  5:14  Zerg Ground Armor Level 1, Zerg Melee Weapons Level 1  
  73  5:19  Roach x2  
  64  5:25  Roach x2  
  67  5:29  Drone x5  
  67  5:31  Drone  
  72  5:41  Drone  
  72  5:42  Drone  
  67  5:43  Drone x3  
  67  5:46  Queen  
  67  5:48  Overlord  
  72  5:53  Ravager x4  
  76  5:57  Queen  
  76  5:59  Roach  
  76  6:01  Zergling x2  
  76  6:02  Zergling x2  
  76  6:04  Drone x2  
  82  6:06  Drone x2  
  82  6:09  Drone  
  82  6:10  Drone x3  
  89  6:15  Drone  
  89  6:17  Drone  
  88  6:23  Drone  
  88  6:25  Overlord  
  88  6:31  Drone, Queen  
  91  6:33  Drone  
  91  6:34  Drone x2  
  91  6:38  Queen  
  91  6:39  Drone  
  92  6:40  Drone  
  92  6:41  Drone  
  94  6:50  Drone x2  
  94  6:52  Drone  
  94  6:53  Extractor  
  95  6:56  Drone, Extractor  
  95  6:57  Drone  
  95  7:01  Zergling x6  
  99  7:06  Hatchery, Queen  
  100  7:08  Drone  
  100  7:14  Spore Crawler  
  100  7:15  Zerg Ground Armor Level 2, Zerg Melee Weapons Level 2  
  100  7:17  Hatchery, Zergling x2  
  100  7:18  Zergling x4  
  100  7:19  Zergling x2  
  100  7:22  Overlord  
  103  7:24  Zergling x4  
  103  7:29  Zergling x2  
  106  7:32  Overlord  
  106  7:33  Overlord  
  106  7:42  Overlord  
  106  7:47  Baneling Nest, Infestation Pit, Zergling x2  
  106  7:48  Zergling x2  
  106  7:52  Glial Reconstitution  
  106  7:57  Overlord  
  107  7:59  Zergling x2  
  107  8:00  Zergling x16  
  107  8:01  Ravager x3  
  107  8:05  Overlord  
  118  8:11  Zergling x6  
  118  8:12  Zergling x2  
  122  8:20  Overlord  
  122  8:27  Queen  
  124  8:28  Zergling x2  
  124  8:29  Zergling x10  
  124  8:31  Pneumatized Carapace  
  124  8:33  Hive  
  130  8:37  Overlord  
  130  8:39  Roach x7  
  132  8:50  Zergling x14  
  123  8:57  Zergling x2  
  123  8:58  Zergling x14  
  123  9:02  Roach  
  117  9:09  Roach, Zergling x4  
  118  9:11  Ravager x2  
  118  9:16  Queen  
  122  9:18  Roach, Zergling x8  
  122  9:20  Ravager  
  122  9:21  Ravager  
  122  9:23  Roach x2  
  134  9:25  Roach  
  134  9:28  Overlord  
  136  9:38  Zergling x16  
  137  9:39  Hatchery, Zergling x2  
  137  9:41  Ravager x2  
  137  9:42  Overlord  
  137  9:44  Zergling x2  
  137  9:45  Zergling x16  
  155  9:49  Adrenal Glands  
  155  9:52  Ultralisk Cavern  
  142  10:00  Zergling x2  
  142  10:01  Zergling x18  
  142  10:04  Overlord  
  152  10:12  Zerg Ground Armor Level 3, Zerg Melee Weapons Level 3  
  152  10:14  Drone  
  152  10:15  Drone x2  
  152  10:16  Drone  
  156  10:25  Drone x2  
  156  10:26  Zergling x10  
  163  10:32  Zergling x4  
  165  10:40  Chitinous Plating  
  165  10:41  Ultralisk  
  165  10:42  Ultralisk  
  177  10:46  Zergling x8  
  151  11:06  Ultralisk, Zergling x2  
  151  11:07  Zergling x28  
  162  11:13  Drone x7  
  168  11:22  Queen  
  168  11:29  Ultralisk x2  
  180  11:33  Zergling x8  
  184  11:45  Zergling x22  
  195  11:52  Spire  
  180  12:12  Zergling x10  
  180  12:13  Zergling x26  
  183  12:24  Burrow  
  183  12:29  Hatchery  
  174  12:35  Zergling x4  
  174  12:36  Zergling x12  
  182  12:40  Drone x2  
  182  12:41  Drone  
  185  12:48  Viper x2  
  185  12:49  Viper x2  
  197  12:56  Hatchery  
  160  13:21  Ultralisk x2  
  166  13:29  Zergling x14  
  166  13:30  Zergling x22  
  170  13:36  Zergling x14  
  170  13:54  Drone x6, Queen, Extractor x2  
  176  14:02  Zerg Flyer Weapons Level 1  
  176  14:12  Corruptor x6  
  176  14:16  Zergling x2  
  192  14:17  Zergling x12  
  195  14:52  Zergling x2  
  196  14:53  Zergling x8  
  200  15:00  Extractor  
  185  15:24  Ultralisk  
  185  15:25  Ultralisk x4, Zergling x10  
  185  15:26  Zergling x4  
  192  15:34  Drone x12  
  165  15:36  Ultralisk, Zergling x2  
  165  15:37  Zergling x28  
  163  15:46  Drone  
  163  15:47  Drone x3  
  161  15:50  Corruptor x2  
  161  15:56  Drone  
  164  15:57  Drone x2  
  164  16:00  Ultralisk  
  170  16:06  Extractor  
  170  16:07  Corruptor  
  170  16:09  Queen x2  
  175  16:21  Drone  
  175  16:22  Drone x4  
  175  16:24  Extractor x2  
  178  16:32  Hatchery  
  178  16:36  Corruptor x4  
  185  16:44  Extractor  
  185  16:46  Zergling x20  
  194  16:47  Overlord x2  
  194  16:58  Overlord  
  194  17:01  Spine Crawler  
  194  17:03  Spine Crawler  
  194  17:06  Viper x2  
  198  17:13  Viper, Spine Crawler  
  198  17:14  Spine Crawler  
  199  17:44  Zerg Flyer Armor Level 1  
  199  17:47  Spine Crawler  
  196  18:16  Drone x4  
  200  18:25  Spine Crawler  
  199  18:27  Spine Crawler x3  
  199  18:28  Spine Crawler  
  181  18:52  Zergling x2  
  181  18:53  Hatchery, Zergling x48  
  197  19:59  Zergling x8  
  199  20:00  Zergling x8  
  195  20:21  Zergling x10  
  195  20:22  Zergling x2  
  195  20:25  Zergling x2  
Show
View Real Time Build Order
Export as new Build Order

Happy Terran 

Build Orders: Liberator Opening, Reaper Expand, Bio Tank 

Get SALT Encoding   

  12  0:00  SCV  
  13  0:12  SCV  
  14  0:17  Supply Depot  
  14  0:25  SCV  
  15  0:38  SCV  
  15  0:39  Barracks  
  16  0:44  Refinery  
  16  0:50  SCV  
  17  1:02  SCV  
  18  1:14  SCV  
  19  1:27  Reaper, Orbital Command  
  20  1:40  Command Center  
  20  1:48  Refinery  
  20  1:52  SCV  
  21  1:57  Supply Depot  
  21  2:04  SCV  
  22  2:11  Factory  
  22  2:16  SCV  
  22  2:21  Barracks Reactor  
  23  2:28  SCV  
  24  2:42  SCV  
  25  2:53  Orbital Command  
  25  2:54  SCV  
  25  2:57  Starport  
  26  3:04  Hellion x2  
  30  3:06  SCV  
  30  3:07  Marine  
  32  3:18  SCV  
  33  3:20  SCV  
  33  3:24  Armory  
  33  3:25  Hellion, Marine  
  33  3:26  Hellion  
  39  3:33  SCV  
  40  3:36  Supply Depot  
  40  3:45  Medivac  
  40  3:46  Marine  
  40  3:47  Hellion  
  46  3:52  SCV  
  46  3:58  SCV, Hellion  
  46  3:59  Liberator  
  49  4:05  SCV  
  49  4:08  Command Center  
  49  4:09  Refinery  
  53  4:19  SCV  
  54  4:28  Factory Tech Lab, Supply Depot  
  54  4:29  Marine x2  
  54  4:30  SCV  
  57  4:31  Supply Depot  
  57  4:32  SCV  
  57  4:37  Supply Depot  
  58  4:42  SCV  
  59  4:51  Liberator  
  58  4:54  SCV  
  59  5:03  Siege Tank, Marine x2  
  64  5:10  Barracks  
  64  5:11  Barracks  
  64  5:24  Marine x2  
  64  5:25  SCV  
  63  5:28  Engineering Bay  
  63  5:29  Engineering Bay  
  63  5:31  SCV  
  63  5:32  Orbital Command  
  60  5:45  SCV, Siege Tank, Marine x2  
  60  5:49  SCV  
  67  5:54  Refinery  
  67  5:57  SCV  
  67  6:01  SCV  
  67  6:02  Orbital Command  
  67  6:03  Barracks Tech Lab x2  
  69  6:05  Supply Depot  
  69  6:06  Supply Depot  
  69  6:09  SCV  
  70  6:24  Siege Tank  
  69  6:28  Combat Shields  
  69  6:29  Stimpack  
  69  6:30  SCV, Starport Reactor  
  69  6:31  SCV x2  
  69  6:37  Marine  
  69  6:38  Marauder x2  
  74  6:42  SCV  
  74  6:43  SCV x2, Marine  
  78  6:54  Terran Infantry Weapons Level 1, SCV, Terran Infantry Armor Level 1  
  79  6:55  SCV  
  79  6:56  Barracks x2  
  79  6:57  SCV  
  79  6:58  Barracks  
  81  7:06  Refinery x2  
  81  7:08  SCV, Marine x2  
  83  7:10  SCV  
  83  7:14  SCV  
  86  7:16  Marine x2  
  86  7:17  Medivac x2  
  86  7:21  SCV  
  86  7:22  SCV  
  94  7:25  Marine  
  94  7:26  SCV  
  94  7:27  Marine  
  97  7:33  SCV  
  97  7:34  SCV, Marauder  
  97  7:35  Marauder  
  97  7:36  Supply Depot  
  103  7:38  SCV  
  103  7:39  Supply Depot  
  103  7:40  Supply Depot x2  
  103  7:43  Marine  
  105  7:45  SCV, Marine  
  105  7:46  Barracks Reactor, SCV  
  105  7:47  Barracks Reactor x2, Concussive Shells, Medivac  
  105  7:50  Siege Tank  
  114  7:55  Marine, Marauder  
  114  7:58  SCV  
  118  7:59  Factory  
  118  8:01  Marine  
  118  8:02  Supply Depot  
  118  8:12  Terran Vehicle Weapons Level 1  
  118  8:14  Supply Depot x2, Marine  
  118  8:15  Command Center, SCV  
  120  8:36  Marine x2  
  120  8:37  Marauder x2, Marine  
  120  8:38  Siege Tank, Medivac x2  
  134  8:41  Marine  
  134  8:42  SCV x2  
  134  8:43  SCV  
  118  8:57  Marine x2  
  118  8:58  Marauder x2  
  111  9:03  Marine  
  111  9:04  Marine  
  113  9:10  Factory Tech Lab, Siege Tank, Marine x4  
  113  9:15  Marine x2  
  113  9:16  Barracks x2  
  122  9:20  Marine, Marauder  
  122  9:21  Marine, Marauder  
  128  9:26  SCV x3  
  128  9:27  Planetary Fortress, Marine  
  128  9:28  Marine x2  
  134  9:36  Marine x2  
  136  9:38  Siege Tank  
  136  9:39  Medivac x2  
  136  9:40  SCV x3  
  136  9:41  Marauder  
  136  9:43  Marauder  
  136  9:44  Terran Infantry Weapons Level 2  
  140  10:02  Marauder, Marine x2  
  140  10:07  Marine x2  
  140  10:08  Marauder, Siege Tank, Marine  
  140  10:10  Siege Tank, Medivac x2  
  140  10:13  Marine  
  156  10:14  Marine  
  156  10:20  Marine x2  
  159  10:21  Barracks Tech Lab x2  
  159  10:23  Command Center  
  159  10:24  Marauder  
  161  10:29  Marauder  
  161  10:36  Marine x2  
  161  10:40  SCV x2, Siege Tank, Medivac x2  
  161  10:41  Refinery  
  161  10:42  Refinery, Marauder, Siege Tank, Marine x2  
  179  10:44  Marine  
  179  10:45  Marauder, Marine x2  
  184  10:54  Marauder, Marine x2  
  168  11:09  Marauder x2, Marine x3  
  168  11:10  Marine x4  
  151  11:12  Marauder, Marine  
  151  11:14  Liberator x2  
  151  11:16  Marauder  
  162  11:19  SCV x2  
  162  11:24  Ghost Academy  
  159  11:29  Marine x2  
  163  11:35  Fusion Core  
  163  11:37  Starport  
  163  11:39  Starport  
  163  11:46  Marine  
  164  11:47  Marine x2  
  164  11:48  Marine  
  164  11:51  Terran Infantry Armor Level 2  
  163  11:57  Ghost x3, Terran Ship Weapons Level 1  
  163  11:58  Ghost  
  169  12:14  Liberator x2, Marine x2  
  141  12:26  Marauder  
  139  12:32  Starport Tech Lab  
  139  12:33  Starport Reactor  
  139  12:35  Ghost x3, Marine  
  139  12:36  Marine  
  153  12:41  Planetary Fortress  
  153  12:42  SCV x3  
  153  12:43  SCV  
  157  12:47  Ghost  
  159  12:55  SCV  
  159  12:56  Command Center, Liberator x3  
  160  13:03  Ghost  
  162  13:07  SCV  
  162  13:09  Liberator  
  162  13:12  Marine x2  
  128  13:13  Marauder  
  132  13:20  Liberator  
  132  13:25  Marine x2  
  126  13:29  SCV x3  
  126  13:32  Ghost  
  126  13:33  Ghost  
  123  13:36  Marine x2  
  123  13:37  Marine  
  123  13:39  SCV  
  122  13:41  SCV  
  122  13:42  Liberator  
  122  13:48  Barracks Tech Lab, Marine x2  
  124  13:51  SCV  
  126  13:56  Refinery  
  126  14:00  Advanced Ballistics, Marine  
  126  14:01  Marauder, Marine x6  
  138  14:03  Marauder  
  138  14:06  Marine  
  141  14:14  Command Center  
  141  14:18  Ghost  
  141  14:23  Terran Infantry Armor Level 3, Marauder  
  145  14:24  Marauder  
  145  14:29  Marine x3  
  145  14:30  Marine  
  145  14:31  Marine  
  152  14:32  Marine x3  
  152  14:35  Marine  
  152  14:36  Liberator  
  156  14:43  Marine  
  156  14:45  Marine  
  158  14:51  Ghost  
  158  14:52  Marine x3  
  153  14:55  Liberator  
  153  14:56  SCV x3  
  159  15:00  Missile Turret  
  159  15:01  Ghost  
  161  15:07  Ghost  
  161  15:12  Barracks Tech Lab  
  166  15:20  Ghost  
  146  15:33  Marine x2  
  146  15:34  Marauder  
  146  15:35  Marauder, Marine x2  
  121  15:38  Marine x3  
  121  15:39  Marauder  
  118  15:44  Marine  
  118  15:46  SCV  
  118  15:48  Liberator  
  118  15:49  Marauder  
  119  15:51  Marine  
  119  15:55  Marauder  
  121  15:58  Marine x2  
  121  15:59  Marauder  
  121  16:00  Marauder  
  121  16:03  Liberator x2  
  127  16:05  Liberator  
  127  16:06  Marine  
  133  16:12  Marine  
  133  16:15  Liberator  
  135  16:25  Marine  
  145  16:36  Liberator  
  145  16:42  Refinery  
  145  16:44  Refinery  
  145  16:45  Planetary Fortress  
  145  16:48  Marine  
  149  16:58  Missile Turret, Liberator x2  
  149  17:00  Supply Depot  
  149  17:02  SCV  
  149  17:08  Command Center  
  156  17:16  Liberator  
  159  17:25  Ghost  
  158  17:33  Ghost  
  162  17:39  Ghost  
  162  17:43  Terran Infantry Weapons Level 3  
  164  17:50  Ghost  
  166  17:51  Missile Turret  
  163  18:08  Ghost  
  163  18:09  Ghost  
  165  18:21  Ghost  
  165  18:23  Command Center  
  166  18:34  Command Center  
  159  18:54  Liberator x2  
  159  18:57  Liberator  
  159  19:04  Planetary Fortress  
  159  19:16  Missile Turret  
  168  19:18  Ghost x2  
  168  19:23  Ghost  
  173  19:48  Command Center  
  145  20:20  Marauder x2, Marine  

Tags
 
Add a new tag
Caveats
  • Supply blocks, unpowered buildings, or Contaminate may cause inaccurate times.
  • Supply counts are checked every 10 seconds.